 Dungeon Crawl Stone Soup version 0.19-a0-1792-g28b16ba (webtiles) character file.

46 FrankyJ the Ruffian (level 3, 0/32 HPs)
             Began as a Naga Transmuter on Oct 5, 2016.
             Slain by a goblin
             ... wielding a +0 club
              (4 damage)
             ... on level 1 of the Dungeon.
             The game lasted 00:03:43 (1872 turns).

FrankyJ the Ruffian (Naga Transmuter)               Turns: 1872, Time: 00:03:44

Health: 0/32       AC:  2    Str: 12    XL:     3   Next: 66%
Magic:  6/6        EV:  9    Int: 14    God:
Gold:   11         SH:  0    Dex: 11    Spells: 2 memorised, 2 levels left

rFire  . . .     SeeInvis +     h - +0 dagger (venom)
rCold  . . .     Gourm    .     i - +0 leather armour (curse)
rNeg   . . .     Faith    .     (no shield)
rPois  +         Spirit   .     (no helmet)
rElec  .         Dismiss  .     (no cloak)
rCorr  .         Reflect  .     (no gloves)
MR     .....     Harm     .     (no barding)
Stlth  +.........               (no amulet)
                                (no ring)
                                (no ring)

@: lethally poisoned (0 -> -1), appendage (expiring), very slow
A: horns 2, see invisible, deformed body, poison resistance, slowness 2, slow
metabolism 1, spit poison 1, AC +1
a: Spit Poison, End Transformation


You were on level 1 of the Dungeon.
You were very hungry.
You had grown temporary horns.
You visited 1 branch of the dungeon, and saw 2 of its levels.

You collected 11 gold pieces.

Inventory:

Hand Weapons
 f - a +3 dagger
 h - a +0 dagger of venom (weapon)
Missiles
 a - 32 arrows
Armour
 b - a +0 robe
 i - a cursed +0 leather armour (worn)
Scrolls
 j - a scroll of identify {unknown}
Potions
 e - a potion of heal wounds {unknown}
 g - a potion of ambrosia {unknown}
Books
 c - a book of Changes

   Spells                             Type                      Level
   a - Beastly Appendage              Transmutation                1
   b - Sticks to Snakes               Transmutation                2
   c - Spider Form                    Transmutation/Poison         3
   d - Ice Form                       Ice/Transmutation            4
   e - Blade Hands                    Transmutation                5
Comestibles
 d - a bread ration


   Skills:
 + Level 2.0 Fighting
 + Level 2.1 Dodging
 - Level 3.0 Unarmed Combat
 + Level 2.2 Spellcasting
 + Level 2.5 Transmutations


You had 2 spell levels left.
You knew the following spells:

 Your Spells              Type           Power        Failure   Level  Hunger
a - Beastly Appendage     Tmut           #.....       12%         1    #......
b - Spider Form           Tmut/Pois      #.........   63%         3    ###....


Dungeon Overview and Level Annotations

Branches:
Dungeon (2/15)

Altars:


Innate Abilities, Weirdness & Mutations

You cannot wear boots.
Your serpentine skin is tough. (AC +1)
You have supernaturally acute eyesight. (SInv)
Armour fits poorly on your strangely shaped body.
Your system is resistant to poisons. (rPois)
You cover ground very slowly.
You have a slow metabolism.
You can spit poison.
You have a pair of horns on your head.


Message History

You hit the adder.
The adder is poisoned.
You headbutt the adder!
The adder is almost dead.
You feel sick.
You kill the adder!
Your Fighting skill increases to level 2!
You climb downwards.
The goblin hits you with a club. The ooze hits you.
The goblin hits you with a club.
A goblin comes into view.
There is a stone staircase leading up here.
Your transformation is almost over.
You feel sick. The ooze closely misses you.
The goblin hits you but does no damage.
You climb upwards.
You have got your breath back.
There is a stone staircase leading down, spattered with blood here.
The ooze hits you.
* * * LOW HITPOINT WARNING * * *
You feel sick. The ooze barely misses you. The goblin hits you with a club.
You die...

##### # #...# # #...#
########
#####...#########J.....#
................@g.>...#
#####...#######.#......#
# #...# #.#......# #
#...# #.#......# # #####
#.#......# # #.#......#
# ###### #.###.####
########....# #.# #.#
......##....# #.# #.#


You could see an ooze and a goblin.

Vanquished Creatures
  An adder (D:1)
  2 giant cockroaches (D:1)
  7 goblins (D:1)
  5 hobgoblins (D:1)
  5 jackals (D:1)
  3 kobolds (D:1)
  4 bats (D:1)
  2 frilled lizards (D:1)
  3 rats (D:1)
32 creatures vanquished.

Notes
Turn   | Place    | Note
-------+----------+-------------------------------------------
     0 | D:1      | FrankyJ the Naga Transmuter began the quest for the Orb.
     0 | D:1      | Reached XP level 1. HP: 18/18 MP: 3/3
   379 | D:1      | Reached XP level 2. HP: 11/25 MP: 3/5
  1229 | D:1      | Reached XP level 3. HP: 14/32 MP: 6/6
  1759 | D:1      | Learned a level 3 spell: Spider Form
  1872 | D:1      | Slain by a goblin

Vault maps used:
D:1:      evilmike_arrival_rings
D:2:      minmay_tripent

Skill      XL: |  1  2  3 |
---------------+----------+-----
Dodging        | 2 |  2.1
Fighting       | 2 |  2.0
Unarmed Combat | |  3.0
Spellcasting   | |  2.2
Transmutations | |  2.5

Action                   || total
-------------------------++-------
Melee: Unarmed           ||     8
       Punch             ||     2
       Headbutt          ||     3
       Dagger            ||    85
 Cast: Beastly Appendage ||     6
 Abil: Spit Poison       ||     4
 Stab: Sleeping          ||     1
  Eat: Chunk             ||     1
Armor: Robe              ||    18
       Leather armour    ||     2
Dodge: Dodged            ||    51
